 Dungeon Crawl Stone Soup version 0.13.0-3-g966e3ec (webtiles) character file.

182 HungrySpirit the Chopper (level 3, 0/27 HPs)
             Began as a Minotaur Wanderer on Oct 13, 2013.
             Slain by a giant cockroach (2 damage)
             ... on Level 1 of the Dungeon.
             The game lasted 00:03:15 (1231 turns).

HungrySpirit the Chopper (Minotaur Wanderer)        Turns: 1231, Time: 00:03:16

HP   0/27        AC  3     Str 17      XL: 3   Next: 21%
MP   4/4         EV 10     Int 11      God:
Gold 145         SH  0     Dex  7      Spells:  1 memorised,  3 levels left

Res.Fire  : . . .   See Invis. : .   k - -3,+1 dwarf hand axe
Res.Cold  : . . .   Warding    : .   m - +0 leather armour
Life Prot.: . . .   Conserve   : .   (no shield)
Res.Poison: .       Res.Corr.  : .   (helmet restricted)
Res.Elec. : .       Clarity    : .   (no cloak)
Sust.Abil.: . .     Spirit.Shd : .   (no gloves)
Res.Mut.  : .       Stasis     : .   (no boots)
Res.Rott. : .       Flight     : .   (no amulet)
Saprovore : . . .                    (no ring)
                                     (no ring)

@: not resistant to hostile enchantments, very unstealthy
A: retaliatory headbutt, horns 2
a: no special abilities


You were on level 1 of the Dungeon.
You were hungry.

You visited 1 branch of the dungeon, and saw 1 of its levels.

You collected 95 gold pieces.

Inventory:

Hand weapons
 k - a -3,+1 dwarven hand axe (weapon)
Armour
 m - a +0 leather armour (worn)
Comestibles
 d - a bread ration
 h - a meat ration
 j - an apple
Scrolls
 e - a scroll of teleportation
 f - 2 scrolls of remove curse
Potions
 c - a potion of confusion {unknown}
 g - a potion of curing {unknown}
Books
 a - a book of Minor Magic

   Spells                             Type                      Level
   Magic Dart                         Conjuration                  1
   Blink                              Translocation                2
   Call Imp                           Summoning                    2
   Repel Missiles                     Charms/Air                   2
   Slow                               Hexes                        2
   Conjure Flame                      Conjuration/Fire             3
   Mephitic Cloud                     Conjuration/Poison/Air       3


   Skills:
 - Level 1.7 Fighting
 * Level 2.6 Axes
 - Level 0.8 Armour
   Level 1.2 Shields
 - Level 1.0 Spellcasting
   Level 1.2 Hexes
   Level 1.3 Summonings
   Level 2.1 Translocations
   Level 1.0 Evocations


You had 3 spell levels left.
You knew the following spells:

 Your Spells              Type           Power        Failure   Level  Hunger
a - Sandblast             Erth           #.....       34%         1    ##.....


Dungeon Overview and Level Annotations

Branches:
Dungeon (1/27)

Altars:


Innate Abilities, Weirdness & Mutations

You reflexively headbutt those who attack you in melee.
You have a pair of horns on your head.


Message History

You closely miss the giant cockroach.
The giant cockroach is heavily wounded.
The giant cockroach closely misses you.
You hit the giant cockroach.
You kill the giant cockroach!
You slash the rat!
You kill the rat!
You hit the giant cockroach.
The giant cockroach is heavily wounded.
The giant cockroach bites you but does no damage.
You closely miss the giant cockroach.
The giant cockroach is heavily wounded.
The giant cockroach barely misses you.
You closely miss the giant cockroach.
The giant cockroach is heavily wounded.
The giant cockroach closely misses you.
You barely miss the giant cockroach.
The giant cockroach is heavily wounded.
The giant cockroach bites you.
You die...

#.# ###### #####.#
######.....########
###............(....##
#...###'#######'###..##
#...#..⌠...>...⌠..#...#
#...#.....<<<.....#.#.#
#...'⌠....###....⌠'.#.####
##...#....@sw......#......#
#....#######%#######...##.#
##
#.##.#.............#(..##.#
.#
#.##.#.............#......#
.#
#.##.#.............#..###.#
.# #.##.###############..#
#.# .#
#.##..................###.#
#####
#...###.........#####.....#
....# ###.######.......##
###.#.#


You could see a worm and a giant cockroach.

Vanquished Creatures
  2 giant geckos (D:1)
  3 oozes (D:1)
  A ball python (D:1)
  A goblin (D:1)
  2 jackals (D:1)
  2 bats (D:1)
  10 giant cockroaches (D:1)
  A giant newt (D:1)
  2 kobolds (D:1)
  7 rats (D:1)
31 creatures vanquished.

Notes
Turn   | Place    | Note
--------------------------------------------------------------
     0 | D:1      | HungrySpirit, the Minotaur Wanderer, began the quest for the Orb.
     0 | D:1      | Reached XP level 1. HP: 15/15 MP: 3/3
   193 | D:1      | Reached skill level 1 in Fighting
   418 | D:1      | Reached XP level 2. HP: 22/22 MP: 3/3
   918 | D:1      | Reached skill level 1 in Axes
  1210 | D:1      | Reached XP level 3. HP: 11/27 MP: 4/4
  1231 | D:1      | Slain by a giant cockroach

Action                   || total
-------------------------++-------
Melee: Club              ||    25
       Hand axe          ||    46
  Use: Scroll            ||     2
